 Dungeon Crawl Stone Soup version 0.27-a0-1196-g3e9cee4cb2 (webtiles) character file.

Game seed: 6695070134834483473

54 freelancePsychic the Chopper (level 3, -1/31 HPs)
             Began as a Palentonga Abyssal Knight on May 29, 2021.
             Was a Believer of Lugonu.
             Killed by divine providence
             ... invoked by an orc priest
              (12 damage)
             ... on level 3 of the Dungeon.
             The game lasted 00:02:23 (1893 turns).

freelancePsychic the Chopper (PaAK)                 Turns: 1893, Time: 00:02:24

Health: -1/31      AC:  5    Str: 16    XL:     3   Next: 66%
Magic:  5/5        EV:  9    Int: 12    God:    Lugonu [**....]
Gold:   68         SH:  0    Dex:  9    Spells: 2/2 levels left

rFire    . . .     SeeInvis +   a - +2 hand axe
rCold    . . .     Faith    .   (no shield)
rNeg     . . .     Spirit   .   b - +0 leather armour
rPois    .         Reflect  .   (no helmet)
rElec    .         Harm     .   e - +0 cloak
rCorr    .         Rampage  .   (no gloves)
Will     .....                  (no barding)
Stlth    ..........             (no amulet)
HPRegen  0.10/turn              (no ring)
MPRegen  0.09/turn              (no ring)

@: confused
A: large, rugged brown scales 3, see invisible, deformed body, roll 1, armoured
tail
a: Rolling Charge, Renounce Religion, Depart the Abyss, Bend Space


You were on level 3 of the Dungeon.
You worshipped Lugonu.
Lugonu was pleased with you.
You visited 1 branch of the dungeon, and saw 3 of its levels.
You visited the Abyss 1 time.

You collected 68 gold pieces.

Inventory:

Hand Weapons
 a - a +2 hand axe (weapon)
Missiles
 h - 17 poisoned darts
Armour
 b - a +0 leather armour (worn)
 e - a +0 cloak (worn)
Jewellery
 g - a ring of resist corrosion
Scrolls
 c - a scroll of teleportation {unknown}
Potions
 d - 4 potions of curing {unknown}
 i - 2 potions of invisibility {unknown}
 k - a potion of degeneration {unknown}


   Skills:
 - Level 3.0 Fighting
 * Level 3.5 Axes
 - Level 1.5 Armour
 - Level 0.7 Dodging
 + Level 2.9 Invocations


You had 2 spell levels left.
You didn't know any spells.
Your spell library contained the following spells:

 Spells                   Type           Power      Damage    Failure   Level
 Confusing Touch          Hex            0%         N/A       77%         3
 Gell's Gravitas          Tloc           0%         N/A       77%         3
 Petrify                  Tmut/Erth      0%         N/A       99%         4
 Metabolic Englaciation   Hex/Ice        0%         N/A       100%        5
 Yara's Violent Unravell  Hex/Tmut       0%         3d3       100%        5


Dungeon Overview and Level Annotations

Branches:
Dungeon (3/15)

Altars:
Wu Jian


Innate Abilities, Weirdness & Mutations

You are completely covered in rugged brown scales. (AC +3, +7% HP)
You have supernaturally acute eyesight. (SInv)
Armour fits poorly on your strangely shaped body.
You can roll at nearby foes to attack.
You have a long armoured tail.


Message History

No target in view!
No target in view!
No target in view!
HP restored.
You now have 68 gold pieces (gained 17).
Found a buckler.
Found 15 stones.
Found a stone staircase leading up.
Found 14 arrows.
You see here 15 stones.
c - a scroll labelled RORRORUTUE An endoplasm comes into view.
There's nothing you can charge at!
You roll forward with a clatter of scales!
You slash the endoplasm!
You kill the endoplasm!
Lugonu accepts your kill.
You hear an angry hiss.
An orc priest comes into view. It is wielding a +0 club.
The orc priest shouts!
You hear a shout!
An orc wizard comes into view. It is wielding a +0 dagger. x2
The orc priest moves out of view.
An orc comes into view.
It is wielding a +2 trident of holy wrath.
The orc shouts!
The orc wizard shouts! x2
Found a stone staircase leading down.
There's nothing you can charge at!
The orc priest invokes the aid of Beogh against you.
Beogh smites you! The orc wizard casts a spell at you.
You are confused.
You're too confused to move!
The orc priest suddenly jeers.
The orc wizard casts a spell at you.
You are more confused.
The orc hits you from afar with a +2 trident of holy wrath!
The orc closely misses you.
There is a stone staircase leading down here.
The orc priest invokes the aid of Beogh against you.
Beogh smites you!
You die...

# #...#.........#
#...#.........#
#.............#
#..............
#.............# .
#.# ###.....###
... #.## #..#####
##...#####..###.##
.......@.oo.....#
########.oo.....#
###......#
##.....# ##....#
#....# #....#
#....# #....#


You could see an orc priest, 2 orc wizards and an orc.

Vanquished Creatures
  An adder (D:2)
  2 dart slugs
  3 ball pythons
  7 endoplasms
  4 giant cockroaches
  A goblin (D:2)
  2 hobgoblins (D:1)
  5 jackals (D:1)
  A quokka (D:1)
  4 bats
  2 frilled lizards (D:2)
  2 kobolds
  A rat (D:1)
35 creatures vanquished.

Notes
Turn   | Place    | Note
-------+----------+-------------------------------------------
     0 | Abyss:1  | freelancePsychic the Palentonga Abyssal Knight began the
                  | quest for the Orb.
     0 | Abyss:1  | Reached XP level 1. HP: 19/19 MP: 2/2
     2 | Abyss:1  | Found a corrupted altar of Lugonu.
    64 | Abyss:1  | Noticed a wretched star
    65 | D:1      | Escaped the Abyss
   120 | D:1      | Reached * piety under Lugonu
   382 | D:1      | Reached XP level 2. HP: 16/25 MP: 3/3
   998 | D:2      | Reached XP level 3. HP: 31/31 MP: 4/4
  1104 | D:2      | Reached ** piety under Lugonu
  1271 | D:2      | Found an ornate altar of the Wu Jian Council.
  1697 | D:3      | Noticed a scorpion
  1893 | D:3      | Killed from afar by an orc priest

Illustrated notes

Levels and vault maps discovered:
D:1:      giann_bridges, layout_basic, kennysheep_another_room,
          chequers_serial_rivers_micro_a, minmay_split_cup_large
D:2:      layout_rooms, basic_altar
D:3:      layout_rooms, shapermc_ecumenical_altar_mp_ritualfount,
          chequers_serial_rivers_marsh, supply_closet_lemuel,
          chequers_mini_garden, uniq_jessica, uniq_natasha

Skill      XL: |  1  2 |
---------------+-------+-----
Axes           | 3 |  3.5
Fighting       | |  3.0
Armour         | |  1.5
Dodging        | |  0.7
Invocations    | |  2.9

Action                   || total
-------------------------++-------
Melee: Hand axe          ||    91
       Tailslap          ||    10
Invok: Depart the Abyss  ||     1
 Abil: Rolling Charge    ||    16
  Use: Scroll            ||     3
Armor: Leather armour    ||    64
Dodge: Dodged            ||    48

Table legend: (Time is in decaauts)
 A = Elapsed time spent in this place.
 B = Non-inter-level travel time spent in this place.
 C = Inter-level travel time spent in this place.
 D = Time resting spent in this place.
 E = Time spent auto-exploring this place.
 F = Levels seen in this place.
 G = Mean time per level.
                   A        B        C        D        E       F      G
               +--------+--------+--------+--------+--------+-----+--------+
         Total |   1907 |   1843 |     64 |    145 |   1481 |   4 |  476.8 |
       Dungeon |   1842 |   1778 |     64 |    145 |   1417 |   3 |  614.0 |
         Abyss |     65 |     65 |      0 |      0 |     64 |   1 |   65.0 |
               +--------+--------+--------+--------+--------+-----+--------+

Top non-repeatable levels by time:
     D:1: 936 daAuts
     D:2: 716 daAuts
     D:3: 189 daAuts
 Abyss:1: 65 daAuts
